 Dungeon Crawl Stone Soup version 0.21.1-1-g345015fe64 (webtiles) character file.

616 Norrik the Skirmisher (level 7, 0/64 HPs)
             Began as a Minotaur Monk on Apr 6, 2018.
             Was a Believer of Okawaru.
             Slain by a mummy (3 damage)
             ... in an ossuary.
             The game lasted 00:08:23 (3783 turns).

Norrik the Skirmisher (Minotaur Monk)               Turns: 3783, Time: 00:08:24

Health: 0/64       AC: 13    Str: 18    XL:     7   Next: 21%
Magic:  5/6        EV:  8    Int:  7    God:    Okawaru [**....]
Gold:   233        SH:  0    Dex: 12    Spells: 6/6 levels left

rFire    . . .     SeeInvis .   o - +2 dagger (drain)
rCold    . . .     Gourm    .   (no shield)
rNeg     . . .     Faith    .   m - +0 chain mail
rPois    .         Spirit   .   (helmet restricted)
rElec    .         Reflect  .   (no cloak)
rCorr    .         Harm     .   l - +0 pair of gloves
MR       .....                  (no boots)
Stlth    ..........             (no amulet)
HPRegen  0.20/turn              i - +2 ring of protection
MPRegen  0.10/turn              (no ring)

@: no status effects
A: retaliatory headbutt, horns 2
a: Heroism, Renounce Religion


You were in an ossuary.
You worshipped Okawaru.
Okawaru was pleased with you.
You were very hungry.

You visited 2 branches of the dungeon, and saw 6 of its levels.
You also visited: Ossuary.

You collected 233 gold pieces.

Inventory:

Hand Weapons
 a - a +0 spear
 o - a +2 dagger of draining (weapon)
 p - a +0 falchion
Missiles
 n - 5 tomahawks of returning (quivered)
 x - 5 tomahawks
Armour
 b - a +0 robe
 l - a +0 pair of gloves (worn)
 m - a +0 chain mail (worn)
Jewellery
 i - a +2 ring of protection (left hand)
Wands
 r - a wand of random effects (21)
 t - a wand of polymorph (3)
 y - a wand of digging (16)
Scrolls
 d - 5 scrolls of identify
 e - 2 scrolls of random uselessness
 f - a scroll of amnesia {unknown}
 j - a scroll of remove curse
 v - a scroll of enchant armour {unknown}
Potions
 g - a potion of degeneration
 h - a potion of curing
 k - a potion of cancellation
 w - a potion of heal wounds {unknown}
 z - a potion of mutation {unknown}
Comestibles
 c - 8 rations
 q - 4 chunks of flesh


   Skills:
 + Level 6.5 Fighting
 * Level 5.0 Long Blades
 - Level 3.6 Polearms
 + Level 5.2 Armour
 - Level 3.2 Dodging
 - Level 1.5 Stealth


You had 6 spell levels left.
You didn't know any spells.

Dungeon Overview and Level Annotations

Branches:
Dungeon (5/15)             Temple (1/1) D:4

Altars:
Cheibriados
Makhleb
Okawaru
Sif Muna
Uskayaw
Wu Jian
Xom
Yredelemnul
Zin


Innate Abilities, Weirdness & Mutations

You reflexively headbutt those who attack you in melee.
You have a pair of horns on your head.


Message History

Okawaru accepts your kill. The mummy hits you but does no damage.
You hit the mummy.
You headbutt the mummy, but do no damage.
The mummy is lightly damaged.
You barely miss the mummy. Your headbutt misses the mummy.
The mummy is lightly damaged.
The mummy closely misses you.
You barely miss the mummy. You headbutt the mummy.
The mummy is moderately damaged.
You hit the mummy but do no damage.
The mummy is moderately damaged.
The mummy hits you!
* * * LOW HITPOINT WARNING * * *
You closely miss the mummy.
The mummy is moderately damaged.
You closely miss the mummy.
The mummy is moderately damaged.
The mummy hits you.
You die...

#########
#+#.......###
............##
..........@..#
.....∩.∩.M...#
.............#
............##
#+#.......###
#########


You could see a mummy.

Vanquished Creatures
  Edmund (D:4)
  The ghost of htuhola the Gusty, an amateur TeAE (D:4)
  A sky beast (D:5)
  A phantom (D:4)
  An orc priest (D:5)
  A worker ant (D:4)
  Ijyb (D:4)
  2 mummies (Ossuary)
  2 adders (D:3)
  An ooze (D:1)
  3 worms
  A dart slug (D:1)
  5 leopard geckos
  11 orcs
  A ball python (D:2)
  11 goblins
  5 hobgoblins
  3 jackals (D:3)
  6 kobolds
  6 bats
  A frilled lizard (D:4)
  5 rats
70 creatures vanquished.

Notes
Turn   | Place    | Note
-------+----------+-------------------------------------------
     0 | D:1      | Norrik the Minotaur Monk began the quest for the Orb.
     0 | D:1      | Reached XP level 1. HP: 19/19 MP: 0/0
   108 | D:1      | Reached skill level 1 in Armour
   133 | D:1      | Reached skill level 4 in Fighting
   292 | D:1      | Reached XP level 2. HP: 27/27 MP: 1/1
  1117 | D:2      | Reached XP level 3. HP: 34/34 MP: 2/2
  1624 | D:3      | Reached skill level 5 in Fighting
  1624 | D:3      | Reached XP level 4. HP: 40/42 MP: 3/3
  1641 | D:3      | Found a deep blue altar of Sif Muna.
  1642 | D:3      | Found an ornate altar of the Wu Jian Council.
  1642 | D:3      | Found a shimmering altar of Xom.
  2791 | D:4      | Noticed Ijyb
  2802 | D:4      | Killed Ijyb
  2802 | D:4      | Reached skill level 1 in Long Blades
  2802 | D:4      | Reached XP level 5. HP: 48/48 MP: 4/4
  2817 | D:4      | Noticed Edmund
  2850 | D:4      | Noticed htuhola's ghost (amateur TeAE)
  2959 | D:4      | Killed Edmund
  2981 | D:4      | Killed htuhola's ghost
  2981 | D:4      | Reached skill level 6 in Fighting
  2981 | D:4      | Reached XP level 6. HP: 42/57 MP: 5/5
  3243 | D:4      | Found a staircase to the Ecumenical Temple.
  3319 | Temple   | Entered the Ecumenical Temple
  3327 | Temple   | Became a worshipper of Warmaster Okawaru
  3327 | Temple   | Reached * piety under Okawaru
  3327 | Temple   | Reached ** piety under Okawaru
  3587 | D:4      | Found a shimmering altar of Xom.
  3589 | D:4      | Found a burning altar of Makhleb.
  3589 | D:4      | Found a basalt altar of Yredelemnul.
  3592 | D:4      | Found a burning altar of Makhleb.
  3592 | D:4      | Found a glowing silver altar of Zin.
  3592 | D:4      | Found a hide-covered altar of Uskayaw.
  3677 | D:5      | Entered Level 5 of the Dungeon
  3721 | D:5      | Found a sand-covered staircase.
  3740 | D:5      | Noticed a sky beast
  3744 | D:5      | Reached skill level 5 in Armour
  3753 | D:5      | Killed a sky beast
  3753 | D:5      | Reached XP level 7. HP: 31/64 MP: 6/6
  3762 | Ossuary  | Entered an ossuary
  3770 | Ossuary  | Reached skill level 5 in Long Blades
  3781 | Ossuary  | HP: 3/64 [mummy (14)]
  3783 | Ossuary  | Slain by a mummy

Skill      XL: |  1  2  3  4  5  6  7 |
---------------+----------------------+-----
Armour         | 1 2 3 4 5 |  5.2
Fighting       | 4 5 6 |  6.5
Long Blades    | 1 3 4 5 |  5.0
Polearms       | |  3.6
Dodging        | |  3.2
Stealth        | |  1.5

Action                   |  1- 3 |  4- 6 |  7- 9 || total
-------------------------+-------+-------+-------++-------
Melee: Spear             |   102 |    52 |       ||   154
       Headbutt          |    15 |    34 |     3 ||    52
       Dagger            |       |   121 |    16 ||   137
       Unarmed           |       |     3 |       ||     3
       Punch             |       |       |     1 ||     1
Invok: Heroism           |       |       |     1 ||     1
Evoke: Wand              |       |     2 |       ||     2
  Use: Scroll            |       |     9 |       ||     9
 Stab: Sleeping          |     5 |     1 |       ||     6
  Eat: Chunk             |     2 |     6 |       ||     8
Armor: Robe              |    10 |     4 |       ||    14
       Chain mail        |       |    27 |     5 ||    32
       Skin              |       |    15 |       ||    15
Dodge: Dodged            |    37 |    65 |     4 ||   106
